 Dungeon Crawl Stone Soup version 0.31-a0-851-g7ff8af7976 (console) character file.

Game seed: 4372261540973285420

732804 petzl the Sorcerer (level 27, -16/207 HPs)
             Began as a Formicid Delver on Oct 3, 2023.
             Was the Champion of Vehumet.
             Demolished by an emperor scorpion (19 damage)
             ... summoned by a royal mummy
             ... on level 3 of the Tomb of the Ancients on Oct 10, 2023.
             The game lasted 15:14:52 (145195 turns).

petzl the Sorcerer (Formicid Delver)              Turns: 145195, Time: 15:14:52

Health: -16/207    AC: 16    Str: 19      XL:     27
Magic:  0/49       EV: 16    Int: 37 (39) God:    Vehumet [******]
Gold:   5134       SH: 22    Dex: 14      Spells: 3/71 levels left

rFire   + + +        a - +10 double sword {pain, Will+ Int+5 Dex-5 Stlth+}
rCold   + + +        J - +2 shield of Resistance {rF++ rC++ Will++}
rNeg    + + +        W - +2 leather armour "Anuon" {rN+ Int+5 Dex+3}
rPois   +            (helmet unavailable)
rElec   +            e - +1 cloak of the Orcish Mines {rCorr}
rCorr   +            l - +2 pair of gloves {Dex+3}
SInv    +            E - +0 pair of boots
Will    +++++        s - amulet "Oxagab" {Reflect Drain rElec Will+ Int+3 SH+5}
Stlth   +++++        P - ring of Ubleas Wuem {Fly rF+ rN+}
HPRegen 0.00/turn    Q - ring "Med Qud" {rPois rC+++ rN+ Int+6 Dex-2}
MPRegen 0.31/turn

%: reflection
@: in a vortex, flying, very slightly contaminated, inhibited regen, invisible
A: permanent stasis, dig shafts and tunnels, antennae 3, four strong arms,
talons 1, iridescent scales 1, dopey 1, screaming 1, inhibited regeneration,
inability to read after injury 1
}: 4/15 runes: decaying, slimy, silver, gossamer
a: Dig, Shaft Self, Renounce Religion


You were on level 3 of the Tomb of the Ancients.
You worshipped Vehumet.
Vehumet was exalted by your worship.
You visited 18 branches of the dungeon, and saw 66 of its levels.
You visited 1 ziggurat, and saw 8 of its levels.
You also visited: Ossuary.

You collected 9326 gold pieces.
You spent 4192 gold pieces at shops.

Inventory:

Hand Weapons
 a - the +10 double sword of Imbalance (weapon) {pain, Will+ Int+5 Dex-5 Stlth+}
   (You took it off a deep elf pyromancer on level 3 of the Elven Halls)

   Int+5:     It affects your intelligence (+5).
   Dex-5:     It affects your dexterity (-5).
   Will+:     It increases your willpower.
   Stlth+:    It makes you more stealthy.
 b - the +9 lajatang of Distant Worlds {spect, Str+3}
   (You took it off a vampire mage on level 2 of the Crypt)

   Str+3:     It affects your strength (+3).
 c - a +9 arbalest of freezing
 d - the +3 greatsling "Punk" {acid, rCorr}
   (You bought it in a shop on level 1 of the Elven Halls)

   rCorr:     It protects you from acid and corrosion.
 t - a +2 morningstar of protection
Missiles
 v - 30 curare-tipped darts (quivered)
 C - 5 throwing nets
 H - 7 darts of dispersal
 U - 32 silver javelins
Armour
 e - the +1 cloak of the Orcish Mines (worn) {rCorr}
   (You found it on level 2 of the Spider Nest)

   rCorr:     It protects you from acid and corrosion.
 l - a +2 pair of gloves of dexterity (worn)
 E - a +0 pair of boots (worn)
 J - the +2 shield of Resistance (worn) {rF++ rC++ Will++}
   (You found it on level 7 of a ziggurat)

   rF++:      It greatly protects you from fire.
   rC++:      It greatly protects you from cold.
   Will++:    It greatly increases your willpower.
 W - the +2 leather armour "Anuon" (worn) {rN+ Int+5 Dex+3}
   (You found it on level 5 of the Pits of Slime)

   Int+5:     It affects your intelligence (+5).
   Dex+3:     It affects your dexterity (+3).
   rN+:       It protects you from negative energy.
Jewellery
 i - a +5 ring of evasion
 r - a ring of magical power
 s - the amulet "Oxagab" (around neck) {Reflect Drain rElec Will+ Int+3 SH+5}
   (You acquired it on level 1 of the Spider Nest)

   [amulet of reflection]

   Reflect:   It reflects blocked missile attacks.
   Int+3:     It affects your intelligence (+3).
   rElec:     It insulates you from electricity.
   Will+:     It increases your willpower.
   Drain:     It drains your maximum health when unequipped.
   SH+5:      It affects your SH (+5).
 F - a ring of wizardry
 P - the ring of Ubleas Wuem (left hand) {Fly rF+ rN+}
   (You took it off a deep elf annihilator on level 3 of the Elven Halls)

   [ring of flight]

   rF+:       It protects you from fire.
   rN+:       It protects you from negative energy.
   Fly:       It grants you flight.
 Q - the ring "Med Qud" (right hand) {rPois rC+++ rN+ Int+6 Dex-2}
   (You found it on level 8 of a ziggurat)

   [ring of intelligence]

   Int+6:     It affects your intelligence (+6).
   Dex-2:     It affects your dexterity (-2).
   rC+++:     It renders you almost immune to cold.
   rPois:     It protects you from poison rN+: It protects you from negative
   energy.
Wands
 f - a wand of digging (14)
 p - a wand of roots (79)
 u - a wand of mindburst (6)
 M - a wand of paralysis (77)
 N - a wand of acid (14)
Scrolls
 g - 8 scrolls of immolation
 w - 4 scrolls of butterflies
 x - 2 scrolls of silence
 z - 12 scrolls of poison
 A - 11 scrolls of fear
 O - 7 scrolls of revelation
 S - 9 scrolls of fog
Potions
 j - 14 potions of enlightenment
 m - 19 potions of curing
 n - a potion of lignification
 o - 5 potions of might
 q - 2 potions of magic
 B - 2 potions of resistance
 G - 6 potions of cancellation
 K - 3 potions of brilliance
 R - 14 potions of ambrosia
Miscellaneous
 h - a sack of spiders
 y - a phantom mirror
 D - a phial of floods
 X - a lightning rod (4/4)


   Skills:
 - Level 15.0 Fighting
 - Level 9.0 Long Blades
 - Level 2.0(4.7) Maces & Flails
 - Level 6.8(7.0) Staves
 - Level 9.0 Ranged Weapons
 - Level 13.5 Armour
 - Level 11.0 Dodging
 - Level 9.0 Stealth
 - Level 19.4 Shields
 + Level 22.6 Spellcasting
 * Level 20.8 Conjurations
 + Level 12.9 Necromancy
 - Level 10.8 Translocations
 - Level 4.0 Transmutations
 - Level 21.0 Fire Magic
 - Level 20.0 Ice Magic
 + Level 11.3 Air Magic
 - Level 6.0 Poison Magic
 - Level 2.0 Evocations


You had 3 spell levels left.
You knew the following spells:

 Your Spells              Type           Power      Damage    Failure   Level
a - Poisonous Vapours     Pois/Air       100%       N/A       1%          2
b - Iskenderun's Mystic   Conj/Tloc      100%       2d19      0%          4
e - Plasma Beam           Fire/Air       52%        2x1d67    1%          6
l - Freezing Cloud        Conj/Ice/Air   53%        6-21      0%          5
m - Fire Storm            Conj/Fire      57%        8d15      4%          9
n - Polar Vortex          Ice            56%        12d7*     7%          9
o - Orb of Destruction    Conj           57%        9d14      1%          7
p - Passage of Golubria   Tloc           89%        N/A       1%          4
s - Sticky Flame          Conj/Fire      100%       2d11      0%          4
u - Sublimation of Blood  Necr           95%        N/A       0%          2
A - Ozocubu's Armour      Ice            100%       N/A       0%          3
C - Conjure Ball Lightni  Conj/Air       51%        3x3d18    1%          6
I - Ignite Poison         Fire/Tmut/Pois 87%        N/A       1%          3
T - Olgreb's Toxic Radia  Pois           72%        N/A       1%          4

Your spell library contained the following spells:

 Spells                   Type           Power      Damage    Failure   Level
 Apportation              Tloc           100%       N/A       0%          1
 Foxfire                  Conj/Fire      100%       2x1d9     0%          1
 Kiss of Death            Conj/Necr      100%       2d13      0%          1
 Magic Dart               Conj           100%       1d8       0%          1
 Necrotise                Necr           100%       1d9       0%          1
 Shock                    Conj/Air       100%       1d9       0%          1
 Lesser Beckoning         Tloc           100%       N/A       0%          2
 Momentum Strike          Conj/Tloc      100%       3d10      0%          2
 Scorch                   Fire           100%       2d9       0%          2
 Static Discharge         Conj/Air       100%       2-7/arc   0%          2
 Frozen Ramparts          Ice            100%       1d16      0%          3
 Mephitic Cloud           Conj/Pois/Air  94%        N/A       0%          3
 Vampiric Draining        Necr           95%        2d12      0%          3
 Volatile Blastmotes      Fire/Tloc      100%       2d18      0%          3
 Slow                     Hex            100%       N/A       1%          1
 Sting                    Tmut/Pois      100%       1d8       1%          1
 Call Imp                 Summ           82%        N/A       1%          2
 Cigotuvi's Dreadful Rot  Necr/Pois/Air  100%       N/A       1%          2
 Ensorcelled Hibernation  Hex/Ice        100%       N/A       1%          2
 Jinxbite                 Hex            82%        N/A       1%          2
 Passwall                 Tmut/Erth      45%        N/A       1%          2
 Wereblood                Tmut           64%        N/A       1%          2
 Dazzling Flash           Conj/Hex       100%       N/A       1%          3
 Gell's Gravitas          Tloc           89%        N/A       1%          3
 Inner Flame              Hex/Fire       88%        N/A       1%          3
 Stone Arrow              Conj/Erth      100%       3d13      1%          3
 Teleport Other           Tloc           89%        N/A       1%          3
 Confusing Touch          Hex            41%        N/A       2%          3
 Sigil of Binding         Hex            41%        N/A       2%          3
 Tukima's Dance           Hex            41%        N/A       2%          3
 Flame Wave               Conj/Fire      100%       2d21      0%          4
 Iskenderun's Battlesphe  Conj           100%       2d15      0%          5
 Airstrike                Air            45%        2d(7-23)  1%          4
 Anguish                  Hex/Necr       37%        N/A       1%          4
 Animate Dead             Necr           95%        N/A       1%          4
 Dimensional Bullseye     Hex/Tloc       35%        N/A       1%          4
 Manifold Assault         Tloc           89%        N/A       1%          4
 Summon Lightning Spire   Summ/Air       71%        N/A       1%          4
 Agony                    Necr           95%        N/A       1%          5
 Arcjolt                  Conj/Air       51%        1d61      1%          5
 Borgnjor's Vile Clutch   Necr/Erth      37%        N/A       1%          5
 Irradiate                Conj/Tmut      46%        3d27      1%          5
 Metabolic Englaciation   Hex/Ice        43%        N/A       1%          5
 Bombard                  Conj/Erth      43%        9d7       1%          6
 Death Channel            Necr           47%        N/A       1%          6
 Dispersal                Tloc           44%        N/A       1%          6
 Simulacrum               Ice/Necr       52%        N/A       1%          6
 Starburst                Conj/Fire      57%        6d15      1%          6
 Ozocubu's Refrigeration  Ice            56%        4d20      1%          7
 Ignition                 Fire           57%        3d16      1%          8
 Silence                  Hex/Air        35%        N/A       2%          5
 Alistair's Intoxication  Tmut/Pois      45%        N/A       3%          5
 Yara's Violent Unravell  Hex/Tmut       27%        3d12      3%          5
 Petrify                  Tmut/Erth      54%        N/A       4%          4
 Lee's Rapid Deconstruct  Erth           20%        3d12*     7%          5
 Animate Armour           Summ/Erth      82%        N/A       9%          4
 Cause Fear               Hex            20%        N/A       9%          4
 Leda's Liquefaction      Hex/Erth       20%        N/A       9%          4
 Maxwell's Capacitive Co  Air            45%        ∞         16%         8
 Lehudib's Crystal Spear  Conj/Erth      43%        10d11     21%         8
 Borgnjor's Revivificati  Necr           47%        N/A       28%         8
 Infestation              Necr           47%        N/A       28%         8
 Chain Lightning          Conj/Air       51%        3d68      30%         9
 Haunt                    Necr/Summ      37%        N/A       47%         7
 Disjunction              Tloc           44%        N/A       56%         8
 Malign Gateway           Summ/Tloc      35%        N/A       63%         7
 Summon Cactus Giant      Summ           20%        N/A       80%         6
 Death's Door             Necr           47%        N/A       99%         9
 Enfeeble                 Hex            20%        N/A       100%        7
 Shatter                  Erth           20%        3d18*     100%        9
 Blink                    Tloc           Unusable   N/A       N/A         2
 Vhi's Electric Charge    Tloc/Air       Unusable   N/A       N/A         4

Dungeon Overview and Level Annotations

Branches:
Dungeon (15/15)            Temple (1/1) D:5            Lair (5/5) D:10
  Swamp (4/4) Lair:3       Spider (4/4) Lair:3        Slime (5/5) Lair:4
    Orc (2/2) D:12            Elf (3/3) Orc:2        Vaults (5/5) D:14
  Crypt (3/3) Vaults:3       Tomb (3/3) Crypt:3      Depths (4/4) D:15
   Hell (visited)             Dis (1/7) Hell            Geh (2/7) Hell
    Coc (2/7) Hell            Tar (1/7) Hell            Zot (5/5) Depths:4
Ossuary (visited)

Altars:
Ashenzari
Cheibriados
Dithmenos
Elyvilon
Fedhas
Gozag
Hepliaklqana
Kikubaaqudgha
Makhleb
Nemelex Xobeh
Okawaru
Qazlal
Ru
Sif Muna
Trog
Uskayaw
Vehumet
Wu Jian
Xom
Yredelemnul
Zin
The Shining One
Jiyva

Shops:
D:9 *   Orc:2 (:[*   Elf:1 *?(   Vaults:1 [   Vaults:2 ?   Vaults:3 (
Vaults:5 ?   Depths:1 ([*:

Portals:
Hell: Depths:1 Depths:2 Depths:3 Depths:4
Abyss: Depths:3 Depths:4
Pandemonium: Depths:1 Depths:2 Depths:3 Depths:4

Annotations:
Tar:1 !juggernaut


Innate Abilities, Weirdness & Mutations

You cannot be hasted, slowed, berserked, paralysed or teleported.
You can dig through walls and to a lower floor.
You have a pair of large antennae on your head. (SInv)
Your four strong arms can wield two-handed weapons with a shield.
You have sharp toenails.
You are partially covered in iridescent scales. (AC +2)
You are dopey. (Int -2)
You occasionally shout uncontrollably at your foes.
You do not regenerate when monsters are visible.
You occasionally lose the ability to read scrolls when taking damage.


Message History

You block the emperor scorpion's attack.
The emperor scorpion claws you!
* * * LOW HITPOINT WARNING * * *
The emperor scorpion claws you but does no damage.
The emperor scorpion barely misses you.
You block the emperor scorpion's attack.
The emperor scorpion claws you but does no damage.
The death scarab bites your fire vortex!!
The death scarab drains your fire vortex's vigour!
Your fire vortex seems to slow down.
You block the emperor scorpion's attack.
The emperor scorpion completely misses you.
You block the emperor scorpion's attack.
Your fire vortex hits the emperor scorpion.
Your fire vortex burns the emperor scorpion!
Your fire vortex dissipates!
The death scarab fails to trigger a net trap.
The emperor scorpion barely misses you.
The emperor scorpion claws you but does no damage.
The emperor scorpion misses you.
The emperor scorpion stings you but does no damage.
The emperor scorpion claws you but does no damage.
The emperor scorpion barely misses you.
Unknown command.
Unknown command.
Unknown command.
You block the emperor scorpion's attack. x2
The emperor scorpion barely misses you.
The death scarab bites your fire vortex!!
The death scarab drains your fire vortex's vigour!
Your fire vortex seems to slow down.
The emperor scorpion closely misses you.
The emperor scorpion barely misses you. The emperor scorpion claws you.
* * * LOW HITPOINT WARNING * * *
Your fire vortex closely misses the death scarab.
The royal mummy casts a spell at you. Something smites you!
* * * LOW HITPOINT WARNING * * *
The emperor scorpion stings you!!
You die...

▓▓▓▓▓▓▓▓▓▓▓▓▓▓▓ ▓▓▓▓▓▓▓▓▓▓▓▓▓▓▓
▓▓▓▓▓▓▓▓▓▓▓▓▓▓▓ ▓▓▓▓▓▓▓▓▓▓▓▓▓▓▓
▓▓▓▓▓▓▓▓▓▓▓▓▓▓▓ ###############
*******###############***
**,,,,,*###..§§@s####$$,,**
**,,,,,,,###.§§sss###.$$$!$**
**,,,,,,,,.##.§§s§s##..$$$$$!**
*,,,,,,,{,.##...§.M##..$$$$$:,**
,,,,,,,,,,..#..:.○^#.....$$|$$,**
,,,,,,,,,,..#...B.B#.^..M$$$$$$,**
,,,,,,,,,,..'.....v'...v{$$$$$$,,**
,,,,,,,,....#.....v#^....($$$$$,,,*
,,,,,,,,v...#..v..v#v.....$$$$$,,,*
,,,,,,,,...*#†††{.)##......../$,,,*
,,,,,,,,..,*#${{{{{##........$.,,,*
,,,,,,,,,,**..{{..^.##.s.......^,,*
,,^,,,,,<**,,,{{{,,,,##<.v..^..,,**
,,,,^,,,**,,,,{{,,,,,,##.......,,*
,,,,,,,**,,,,,,,,,,,,,,*#......,**
**,,,,**,,,,,,,,,,,{,,,,*#....#**
***+****,,,,,,,,,,,,,,,,**##+##***
,,,,,**,,,,,,,,,,,,,,,,,^**{,,,,,**
,,,,***,,,,,,,,,,,,,,,,,,***,,,,,^*


You could see a royal mummy, 6 emperor scorpions, 2 death scarabs and 2 friendly
fire vortices.

Vanquished Creatures
  the Royal Jelly (Slime:5)
  A pandemonium lord (Zig:3)
  5 dread liches
  8 ancient liches
  6 orbs of fire
  Khufu (Crypt:2)
  Sojobo (Crypt:2)
  34 royal mummies
  Bai Suzhen (Crypt:1)
  4 shard shrikes (Coc:2)
  5 Killer Klowns
  Margery (Crypt:2)
  2 curse toes
  Geryon (Hell)
  Nikola (Vaults:3)
  8 golden dragons
  Saint Roka (Depths:4)
  A bone dragon (Depths:3)
  Norris (Elf:1)
  3 doom hounds (Crypt:2)
  4 electric golems
  2 shard shrike zombies
  18 tentacled monstrosities
  A shard shrike skeleton (Crypt:3)
  An Ice Fiend (Coc:2)
  Jorgrun (Elf:2)
  Asterion (Depths:1)
  A deep elf blademaster (Elf:3)
  7 liches
  23 Orb Guardians (Zot:5)
  A tainted leviathan (Tar:1)
  2 Hell Sentinels
  12 sphinxes
  5 titans
  20 acid blobs
  Frances (D:14)
  7 quicksilver dragons
  Gastronok (Orc:1)
  A walking frostbound tome (Depths:4)
  9 death cobs
  Grunn (Crypt:2)
  5 ancient champions
  7 shadow dragons
  The ghost of Rudyous the Warrior, an adept DsCj of Vehumet (Swamp:2)
  15 storm dragons
  A shadow dragon (shapeshifter) (Zig:7)
  Agnes (Elf:1)
  A thorn hunter (Swamp:3)
  Aizul (Swamp:3)
  Donald (Vaults:1)
  10 tengu reavers
  The ghost of Aneyh the Slayer, an adept TeMo of Hepliaklqana (Spider:2)
  A fenstrider witch (Swamp:3)
  A nagaraja (Zig:4)
  12 rockslimes
  7 frost giants
  2 narguns
  7 azure jellies
  4 deep elf sorcerers (Elf:3)
  11 fire giants
  2 revenants
  3 draconian monks
  4 emperor scorpions
  21 vault wardens
  2 iron dragons
  2 draconian knights
  A frost giant (shapeshifter) (Depths:4)
  8 ghost moths
  5 draconian scorchers
  3 deep elf elementalists (Elf:3)
  5 draconian shifters
  3 curse skulls
  2 spriggan defenders
  4 caustic shrike zombies
  15 reapers
  2 cacodemons
  A ghost moth (shapeshifter) (Elf:1)
  7 draconian stormcallers
  10 formless jellyfish
  8 ironbound thunderhulks
  22 ghouls
  An angel (Depths:3)
  15 ironbound preservers
  6 draconian annihilators
  7 war gargoyles
  2 broodmothers
  A caustic shrike skeleton (Crypt:1)
  14 very ugly things
  An orc warlord (Orc:2)
  18 quicksilver oozes
  17 stone giants
  A demonspawn black sun (Zig:8)
  4 elemental wellsprings
  12 vampire knights
  Azrael (Elf:2)
  9 black draconians
  16 bennus
  15 green draconians
  10 purple draconians
  2 spectral hellephants (Crypt:2)
  8 deep elf demonologists
  8 spark wasps
  A lorocyproca (Hell)
  8 white draconians
  3 wendigos (Coc:1)
  6 deep elf annihilators (Elf:3)
  4 eleionomae
  7 dire elephants
  5 red draconians
  6 bunyips
  A crystal guardian (Vaults:4)
  9 yellow draconians
  A merfolk javelineer (Depths:1)
  Snorg (D:12)
  4 entropy weavers
  6 ettins
  9 eidola
  7 fire dragons
  24 mummy priests
  3 blizzard demons
  A quicksilver dragon zombie (Crypt:1)
  7 deep elf high priests
  4 jiangshi
  10 deep elf death magi
  16 great orbs of eyes
  Josephine (Lair:5)
  14 yaktaur captains
  4 shambling mangroves (Swamp:4)
  3 salamander tyrants
  Fannar (D:12)
  5 rakshasas
  Harold (Orc:1)
  A fenstrider witch zombie (Crypt:3)
  2 peacekeepers (Vaults:4)
  8 spriggan zombies
  35 vault guards
  2 caustic shrike simulacra (Coc:1)
  2 spriggan air magi (Depths:2)
  6 death knights
  3 ghost crabs
  5 ogre magi
  2 catoblepae
  2 radroaches
  14 alligators
  A juggernaut simulacrum (Coc:1)
  5 spriggan skeletons
  8 centaur warriors
  An anaconda (Depths:1)
  3 jorogumos
  Erica (D:8)
  11 ironbound frosthearts
  7 boulder beetles
  9 ice dragons
  16 hydras
  6 death yaks (D:10)
  2 deep troll shamans
  5 tengu warriors
  11 two-headed ogres
  31 dancing weapons
  5 deep troll earth magi
  3 hell hogs (Geh:2)
  7 spriggan berserkers
  7 vampire magi
  7 demonic crawlers
  4 orc high priests (Orc:2)
  A shock serpent (Zig:4)
  2 spectral elves (Crypt:2)
  89 death scarabs
  7 sun demons
  17 deep elf knights
  A fire crab (shapeshifter) (Zig:1)
  2 titan zombies (Crypt:3)
  Nergalle (D:10)
  5 soul eaters
  Sonja (Lair:5)
  3 skysharks
  3 sixfirhies
  20 hell knights
  3 iron trolls
  5 orb spiders
  5 pharaoh ants
  37 deep trolls
  33 skeletal warriors
  6 flayed ghosts
  3 anaconda zombies
  A death drake (Zot:3)
  3 goliath frogs
  A spark wasp zombie (Depths:1)
  7 bog bodies
  2 glowing orange brains
  A quicksilver dragon simulacrum (Crypt:2)
  A glowing orange brain (shapeshifter) (Vaults:5)
  11 swamp dragons
  2 tengu zombies (Depths:1)
  6 deep elf archers
  12 steelbarb worms
  4 spriggan druids
  3 anaconda skeletons
  12 ironbound convokers
  7 wizards
  8 orc knights
  29 phantasmal warriors
  8 lindwurms
  5 spectral hydras (Swamp:4)
  23 necromancers
  25 deep elf pyromancers
  11 harpies
  19 deep elf zephyrmancers
  A fenstrider witch simulacrum (Coc:1)
  4 shining eyes
  2 alligator zombies (Hell)
  A spectral boulder beetle (D:10)
  44 ugly things
  3 oklob plants (Swamp:4)
  17 wolf spiders
  An iron dragon zombie (Crypt:3)
  5 will-o-the-wisps
  5 cyclopes
  5 orc sorcerers
  An eleionoma zombie (Crypt:2)
  2 shadow dragon skeletons
  A tengu skeleton (Vaults:3)
  A stone giant zombie (Hell)
  3 manticores
  30 moths of wrath
  A naga zombie (Crypt:1)
  A guardian serpent (shapeshifter) (Vaults:5)
  A spectral centaur (D:10)
  Maurice (D:8)
  A black mamba (shapeshifter) (D:13)
  16 vault sentinels
  6 elephants (Lair:4)
  8 black mambas
  3 titan simulacra
  11 cane toads
  2 stone giant skeletons
  A guardian serpent (Zig:4)
  3 dire elephant zombies
  A formless jellyfish zombie (Crypt:1)
  A gargoyle (D:11)
  3 centaur zombies
  5 molten gargoyles
  2 frost giant skeletons (Vaults:3)
  A cane toad (shapeshifter) (Vaults:5)
  7 torpor snails
  An alligator snapping turtle zombie (Crypt:3)
  2 orange demons
  A dire elephant skeleton (Crypt:2)
  3 centaur skeletons
  6 rime drakes
  5 smoke demons
  5 eyes of devastation
  A bunyip simulacrum (Coc:2)
  2 komodo dragons (Lair:4)
  Jeremiah (D:9)
  An unseen horror zombie (D:10)
  Psyche (D:9)
  2 unseen horrors
  6 hellions
  16 freezing wraiths
  2 anaconda simulacra
  A kobold demonologist (D:14)
  A purple draconian zombie (Crypt:1)
  A tormentor (Coc:2)
  2 unseen horror skeletons
  42 guardian mummies
  An ice devil (Depths:1)
  An efreet (D:15)
  27 yaktaurs
  8 human skeletons
  3 tengu conjurers
  2 polar bears (Lair:4)
  A harpy zombie (Crypt:1)
  An iron giant simulacrum (Coc:1)
  A queen bee (Spider:4)
  18 hellwings
  3 red devils
  8 trolls
  10 tyrant leeches
  31 hornets
  Prince Ribbit (D:5)
  5 hydra zombies
  7 meliai
  A large abomination (Zig:3)
  13 blink frogs
  A tarantella (shapeshifter) (D:15)
  4 harpy skeletons
  3 hydra skeletons
  2 death drake skeletons (Swamp:4)
  37 tarantellas
  Grinder (D:5)
  2 stone giant simulacra
  122 slime creatures
  20 jumping spiders
  An iron dragon simulacrum (Coc:1)
  7 shadows
  3 spectral black mambas (D:10)
  7 air elementals
  2 deep troll skeletons
  23 flying skulls
  4 vampires
  A jumping spider (shapeshifter) (Elf:2)
  11 water elementals
  A ynoxinul (Depths:2)
  19 culicivoras
  10 ushabtiu
  34 yaks
  23 spriggans
  2 ettin skeletons (Hell)
  27 wraiths
  3 wyverns
  19 humans (D:14)
  A golden eye (shapeshifter) (Vaults:5)
  5 golden eyes
  8 basilisks
  A neqoxec (Depths:3)
  7 fire elementals
  46 redbacks
  A steam dragon (D:9)
  3 chaos spawn
  A catoblepas simulacrum (Crypt:1)
  14 swamp worms
  2 elf skeletons (Vaults:3)
  A sea snake simulacrum (Hell)
  9 wargs
  7 harpy simulacra
  17 vampire mosquitoes
  A death yak simulacrum (Lair:5)
  A skyshark zombie (Crypt:2)
  A naga (Depths:1)
  2 two-headed ogre zombies (D:12)
  A water nymph zombie (Crypt:1)
  Duvessa (D:5)
  5 acid dragons
  A glowing shapeshifter skeleton (Vaults:3)
  6 hell hounds
  A merfolk skeleton (Crypt:2)
  11 water moccasins
  A floating eye (Depths:2)
  An ogre skeleton (Vaults:3)
  A hydra simulacrum (Swamp:4)
  8 swamp drakes
  A naga skeleton (Crypt:3)
  31 orc warriors
  A black bear (D:6)
  A demonspawn skeleton (Crypt:1)
  A boulder beetle simulacrum (D:10)
  2 sky beasts (D:7)
  2 spriggan simulacra
  3 swamp dragon zombies (Swamp:4)
  2 ettin simulacra
  8 ogres
  16 wolves
  A swamp dragon skeleton (Swamp:4)
  A snapping turtle skeleton (Crypt:2)
  6 centaurs
  3 phantoms
  7 kobold brigands
  7 necrophages
  11 bullfrogs
  2 gnoll sergeants
  2 earth elementals
  A yaktaur skeleton (Crypt:2)
  2 scorpions (D:7)
  A cyclops skeleton (Crypt:1)
  8 wyvern skeletons (Crypt:3)
  6 wights
  Dowan (D:5)
  23 killer bees
  3 howler monkeys
  A troll skeleton (Crypt:2)
  8 jellies
  19 orc priests
  A gnoll bouda (D:6)
  3 hounds
  A black bear skeleton (Crypt:1)
  A sleepcap (D:6)
  3 iguanas
  29 orc wizards
  17 hell rats
  6 ogre zombies (D:12)
  52 mummies
  23 gnolls
  12 adders
  4 worms
  A dart slug (D:3)
  78 orcs
  8 ball pythons
  5 endoplasms
  2 giant cockroaches
  16 goblins
  5 hobgoblins
  5 quokkas
  6 bats
  3 frilled lizards
  3 goblin skeletons (D:12)
  4 goblin zombies (D:12)
  A hobgoblin skeleton (D:12)
  2 hobgoblin zombies (Ossuary)
  A jackal skeleton (Crypt:2)
  37 kobolds
  2 kobold zombies (Ossuary)
  3 orc skeletons (D:12)
  16 orc zombies
  8 rats
  202 fire vortices
3181 creatures vanquished.

Vanquished Creatures (collateral kills)
  2 royal mummies
  A doom hound (Crypt:2)
  2 Orb Guardians (Zot:5)
  An Ice Fiend (Zig:8)
  3 acid blobs
  A titan (Vaults:5)
  An ancient champion (Hell)
  A shadow dragon (Vaults:5)
  A draconian scorcher (Zot:1)
  A cacodemon (Hell)
  An elemental wellspring (Coc:2)
  A yellow draconian (Zot:3)
  A white draconian (Zot:5)
  A great orb of eyes (Slime:5)
  A hell beast (Zig:8)
  A hydra (Zot:3)
  A death scarab (Tomb:1)
  A soul eater (Crypt:3)
  A titan skeleton (Crypt:3)
  A necromancer (Crypt:3)
  A naga zombie (Crypt:3)
  A dire elephant zombie (Crypt:3)
  2 guardian mummies
  A harpy zombie (Crypt:3)
  2 hellwings
  3 slime creatures
  A black mamba zombie (Crypt:3)
  A harpy simulacrum (Coc:2)
  A wyvern skeleton (Crypt:3)
  6 mummies
  6 ball lightnings
49 creatures vanquished.

Vanquished Creatures (others)
  A dire elephant (Vaults:3)
  A hell beast (Zig:8)
  A rime drake (Lair:1)
  A bloated husk (Swamp:3)
  A centaur simulacrum (Coc:1)
  2 orc zombies (D:12)
  370 ball lightnings
  505 fire vortices
  6 foxfires
888 creatures vanquished.

Grand Total: 4118 creatures vanquished

Notes
Turn   | Place    | Note
-------+----------+-------------------------------------------
     0 | D:5      | petzl the Formicid Delver began the quest for the Orb.
     0 | D:5      | Reached XP level 1. HP: 18/18 MP: 1/1
    48 | D:6      | Found a basalt altar of Yredelemnul.
   134 | D:6      | Noticed a hound
   281 | D:4      | Reached skill level 1 in Spellcasting
   309 | D:4      | Reached XP level 2. HP: 11/24 MP: 4/4
  1491 | D:2      | Reached skill level 1 in Evocations
  1619 | D:2      | Reached XP level 3. HP: 29/29 MP: 5/5
  1783 | D:2      | Reached skill level 1 in Ranged Weapons
  1783 | D:2      | Reached skill level 2 in Spellcasting
  2258 | D:3      | Reached XP level 4. HP: 35/35 MP: 7/7
  3323 | D:4      | Noticed a phantom
  3332 | D:3      | Reached XP level 5. HP: 34/41 MP: 7/9
  3433 | D:4      | Reached skill level 3 in Spellcasting
  3487 | D:4      | You fall into a shaft and drop 2 floors!
  3579 | D:6      | Noticed a kobold brigand
  3597 | D:6      | Killed a kobold brigand
  3598 | D:6      | Reached XP level 6. HP: 39/47 MP: 9/11
  3786 | D:5      | Learned a level 2 spell: Poisonous Vapours
  3790 | D:5      | Learned a level 3 spell: Mephitic Cloud
  3796 | D:5      | Learned a level 5 spell: Freezing Cloud
  3946 | D:5      | Found a staircase to the Ecumenical Temple.
  3969 | D:5      | Reached skill level 1 in Poison Magic
  3970 | Temple   | Entered the Ecumenical Temple
  3984 | Temple   | Became a worshipper of Vehumet
  4064 | D:5      | Reached skill level 4 in Spellcasting
  4082 | D:5      | Noticed Grinder
  4144 | D:5      | Noticed Duvessa
  4166 | D:5      | Reached XP level 7. HP: 43/52 MP: 13/13
  4203 | D:4      | Reached skill level 1 in Conjurations
  4209 | D:4      | Reached skill level 1 in Air Magic
  4211 | D:4      | You fall into a shaft and drop 2 floors!
  4779 | D:4      | Found a blossoming altar of Fedhas.
  4779 | D:4      | Found a sparkling altar of Nemelex Xobeh.
  5099 | D:4      | Identified a scroll of acquirement
  5101 | D:4      | Acquired 313 gold pieces
  5253 | D:5      | Noticed Dowan
  5304 | D:5      | Killed Duvessa
  5305 | D:5      | Reached XP level 8. HP: 58/58 MP: 10/15
  5305 | D:5      | Killed Dowan
  5468 | D:5      | Noticed Prince Ribbit
  5474 | D:5      | Killed Prince Ribbit
  5475 | D:5      | Reached skill level 5 in Spellcasting
  5771 | D:6      | Reached * piety under Vehumet
  5771 | D:6      | Offered knowledge of Kiss of Death by Vehumet.
  6003 | D:6      | Reached skill level 5 in Poison Magic
  6118 | D:6      | Reached XP level 9. HP: 64/64 MP: 17/17
  6248 | D:6      | Found a glowing silver altar of Zin.
  6248 | D:6      | Found an opulent altar of Gozag.
  6342 | D:6      | Learned a level 1 spell: Kiss of Death
  7058 | D:7      | Found a sand-covered staircase.
  7071 | D:7      | Reached skill level 6 in Spellcasting
  7094 | Ossuary  | Entered an ossuary
  7133 | Ossuary  | Reached ** piety under Vehumet
  7142 | Ossuary  | Offered knowledge of Shock by Vehumet.
  7425 | D:7      | Reached skill level 1 in Ice Magic
  7509 | D:7      | Found a glowing golden altar of the Shining One.
  8206 | D:8      | Noticed a two-headed ogre
  8206 | D:8      | Found the +4 robe of Augmentation {Str+4 Int+4 Dex+4}
  8207 | D:8      | Noticed a hornet
  8207 | D:8      | Noticed a hornet
  8260 | D:8      | Offered knowledge of Ignite Poison by Vehumet.
  8261 | D:8      | Reached skill level 5 in Conjurations
  8265 | D:8      | Learned a level 3 spell: Ignite Poison
  8435 | D:8      | Noticed Erica
  8445 | D:8      | You fall into a shaft and drop 2 floors!
  8445 | D:10     | Entered Level 10 of the Dungeon
  8629 | D:10     | Noticed a death yak
  8629 | D:10     | Noticed a death yak
  8747 | D:9      | Found a bloodstained altar of Trog.
  8838 | D:9      | Reached skill level 1 in Transmutations
  8838 | D:9      | Reached XP level 10. HP: 69/70 MP: 11/19
  8963 | D:9      | Noticed Psyche
  8974 | D:9      | Found a burning altar of Makhleb.
  8977 | D:9      | Killed Psyche
  8999 | D:9      | Found Fiel's Assorted Antiques.
  9000 | D:9      | Noticed a two-headed ogre
  9016 | D:9      | Killed a two-headed ogre
  9017 | D:9      | Reached skill level 7 in Spellcasting
  9065 | D:9      | Bought a smoky amethyst potion for 19 gold pieces
  9065 | D:9      | Bought a brown potion for 19 gold pieces
  9065 | D:9      | Bought a scroll of revelation for 165 gold pieces
  9065 | D:9      | Bought a scroll of identify for 44 gold pieces
  9065 | D:9      | Bought a thick robe for 125 gold pieces
  9065 | D:9      | Identified the +0 robe of the Baker {Fly rC++ Int-5
                  | Archmagi} (You bought it in a shop on level 9 of the
                  | Dungeon)
  9065 | D:9      | Bought a cloak for 99 gold pieces
  9164 | D:8      | HP: 3/70 [Erica/+4 scimitar of flaming (1)]
  9165 | D:8      | You fall into a shaft and drop 1 floor!
  9492 | D:8      | Reached skill level 5 in Ice Magic
  9493 | D:8      | You fall into a shaft and drop 3 floors!
  9576 | D:12     | Noticed Snorg
  9589 | D:11     | Noticed a boulder beetle
  9598 | D:11     | Killed a boulder beetle
  9651 | D:11     | Reached *** piety under Vehumet
  9851 | D:11     | Noticed a gargoyle
  9969 | D:9      | Noticed Jeremiah
  9988 | D:9      | Reached skill level 1 in Shields
  9991 | D:9      | Reached skill level 1 in Armour
 10116 | D:9      | Reached XP level 11. HP: 54/75 MP: 11/22
 10210 | D:8      | Noticed Maurice
 10215 | D:8      | Killed Maurice
 10287 | D:8      | Killed Erica
 10483 | D:8      | Killed a two-headed ogre
 10636 | D:8      | Offered knowledge of Volatile Blastmotes by Vehumet.
 10789 | D:8      | Reached **** piety under Vehumet
 10966 | D:8      | Offered knowledge of Hailstorm by Vehumet.
 11222 | D:8      | Found a faded altar of an unknown god.
 11223 | D:8      | Found a hazy altar of Hepliaklqana.
 11301 | D:8      | Found a shadowy altar of Dithmenos.
 11728 | D:9      | Killed Jeremiah
 11922 | D:9      | Reached skill level 8 in Spellcasting
 12028 | D:10     | Reached skill level 5 in Fighting
 12048 | D:9      | Reached XP level 12. HP: 67/86 MP: 16/24
 13039 | D:10     | You fall into a shaft and drop 1 floor!
 13664 | D:10     | Noticed a two-headed ogre
 13670 | D:10     | Killed a two-headed ogre
 13780 | D:10     | Reached skill level 5 in Shields
 14148 | D:10     | Noticed Nergalle
 14155 | D:10     | Killed Nergalle
 14196 | D:10     | Noticed a death yak
 14204 | D:10     | Noticed a death yak
 14218 | D:10     | Noticed a death yak
 14218 | D:10     | Killed a death yak
 14219 | D:10     | Noticed a death yak
 14233 | D:10     | Killed a death yak
 14551 | D:10     | Reached skill level 5 in Armour
 14558 | D:10     | Killed a death yak
 14710 | D:10     | Found a staircase to the Lair.
 14728 | D:10     | Killed a death yak
 14729 | D:10     | Reached skill level 9 in Spellcasting
 14734 | D:10     | Killed a death yak
 14735 | D:10     | Reached XP level 13. HP: 74/93 MP: 12/26
 14735 | D:10     | Upgraded the game from 0.31-a0-846-gb3bcc0d938 to
                  | 0.31-a0-848-gaac375c287
 14744 | D:10     | Reached ***** piety under Vehumet
 14762 | Lair:1   | Entered Level 1 of the Lair of Beasts
 14871 | Lair:1   | Offered knowledge of Conjure Ball Lightning by Vehumet.
 14879 | Lair:1   | Learned a level 6 spell: Conjure Ball Lightning
 15054 | Lair:1   | Reached skill level 10 in Conjurations
 15156 | Lair:1   | Noticed a catoblepas
 15166 | Lair:1   | Killed a catoblepas
 15327 | Lair:1   | Reached skill level 10 in Spellcasting
 16619 | Lair:2   | Reached skill level 1 in Fire Magic
 16810 | Lair:2   | Reached skill level 1 in Necromancy
 17306 | Lair:3   | Found a staircase to the Swamp.
 17893 | Lair:3   | Found a hole to the Spider Nest.
 18074 | Lair:3   | Noticed a catoblepas
 18103 | Lair:3   | Killed a catoblepas
 18593 | Lair:3   | Reached skill level 11 in Spellcasting
 18804 | Lair:4   | Reached XP level 14. HP: 83/103 MP: 17/29
 19459 | Lair:4   | Found a viscous altar of Jiyva.
 19460 | Lair:4   | Found a staircase to the Slime Pits.
 20148 | Lair:5   | Entered Level 5 of the Lair of Beasts
 20158 | Lair:5   | Reached skill level 5 in Air Magic
 20176 | Lair:5   | Reached skill level 5 in Fire Magic
 20310 | Lair:5   | Offered knowledge of Sticky Flame by Vehumet.
 20740 | Lair:5   | Noticed Sonja
 20747 | Lair:5   | Killed Sonja
 21044 | Lair:5   | Learned a level 4 spell: Sticky Flame
 21115 | Lair:5   | Noticed Josephine
 21122 | Lair:5   | Killed Josephine
 21456 | Lair:5   | Learned a level 6 spell: Plasma Beam
 21683 | Lair:5   | Noticed a dire elephant
 21766 | Lair:5   | Noticed a dire elephant
 21768 | Lair:5   | Noticed a dire elephant
 21782 | Lair:5   | Killed a dire elephant
 22708 | D:10     | Found an ancient bone altar of Kikubaaqudgha.
 22726 | D:10     | Reached skill level 10 in Fighting
 22761 | D:10     | Identified the -2 cloak "Jovul" {Harm Will- rCorr}
 23206 | D:11     | Reached XP level 15. HP: 107/108 MP: 18/30
 23866 | D:12     | Learned a level 4 spell: Passage of Golubria
 23899 | D:12     | Got a colourful book
 24090 | D:13     | Identified the +1 ring mail "Bunete" {rC+ Int+5 Stlth+}
 24268 | D:12     | Noticed Fannar
 24366 | D:12     | Killed Snorg
 24367 | D:12     | Reached skill level 1 in Translocations
 24623 | D:12     | Killed Fannar
 24961 | D:12     | Found a staircase to the Orcish Mines.
 26560 | D:15     | Entered Level 15 of the Dungeon
 26638 | D:14     | Reached ****** piety under Vehumet
 26642 | D:14     | Offered knowledge of Eringya's Noxious Bog by Vehumet.
 26840 | Orc:1    | Entered Level 1 of the Orcish Mines
 26840 | Orc:1    | Noticed Gastronok
 26847 | Orc:1    | Killed Gastronok
 26876 | Orc:1    | Reached skill level 10 in Shields
 27094 | Orc:1    | Noticed Harold
 27104 | Orc:1    | Killed Harold
 27105 | Orc:1    | Reached skill level 5 in Translocations
 27702 | Orc:1    | Found a transporter.
 27704 | Orc:1    | Found a transporter.
 27710 | Orc:1    | Noticed a stone giant
 28008 | Orc:2    | Entered Level 2 of the Orcish Mines
 28488 | Orc:2    | Found a staircase to the Elven Halls.
 28781 | Orc:2    | Noticed an orc warlord
 28822 | Orc:2    | Killed an orc warlord
 29138 | Orc:2    | Offered knowledge of Bombard by Vehumet.
 29904 | Orc:2    | Found Otimm's General Store.
 29905 | Orc:2    | Found Ciarauvo's Book Emporium.
 29909 | Orc:2    | Found Zerghev's Antique Armour Emporium.
 29909 | Orc:2    | Found Qacoseoxt's Antique Weapon Shoppe.
 29924 | Orc:2    | Bought a scroll of enchant weapon for 97 gold pieces
 29924 | Orc:2    | Bought a potion of curing for 39 gold pieces
 29925 | Orc:2    | Bought Ozocubu's Autobiography for 360 gold pieces
 29934 | Orc:2    | Bought a jade-encrusted leather armour for 238 gold pieces
 29934 | Orc:2    | Identified the +1 leather armour of Shadows and Fog {Drain
                  | rElec rF+ Will+} (You bought it in a shop on level 2 of the
                  | Orcish Mines)
 30028 | Orc:2    | Reached XP level 16. HP: 107/122 MP: 23/31
 30110 | Elf:1    | Entered Level 1 of the Elven Halls
 30205 | Orc:1    | You fall into a shaft and drop 1 floor!
 30323 | Orc:1    | You fall into a shaft and drop 1 floor!
 30612 | Orc:1    | You fall into a shaft and drop 1 floor!
 31118 | D:12     | Learned a level 3 spell: Ozocubu's Armour
 31232 | Orc:2    | Bought a glowing arbalest for 255 gold pieces
 31451 | Swamp:1  | Entered Level 1 of the Swamp
 32333 | D:12     | Learned a level 4 spell: Olgreb's Toxic Radiance
 32757 | Swamp:1  | Identified the +1 leather armour of Grace {rElec Will+
                  | MP-9}
 32915 | Swamp:1  | Offered knowledge of Orb of Destruction by Vehumet.
 33341 | Swamp:2  | Found a transporter.
 33481 | Spider:1 | Entered Level 1 of the Spider Nest
 33646 | D:12     | Learned a level 7 spell: Orb of Destruction
 33886 | Spider:1 | Reached skill level 12 in Spellcasting
 34337 | Lair:3   | You fall into a shaft and drop 1 floor!
 34562 | Lair:3   | You fall into a shaft and drop 1 floor!
 34772 | Lair:3   | Found a hole to the Spider Nest.
 37016 | Spider:1 | Acquired the amulet "Oxagab" {Reflect Drain rElec Will+
                  | Int+3 SH+5}
 37885 | Elf:1    | Noticed Norris
 37906 | Elf:1    | Killed Norris
 38290 | Elf:2    | Reached skill level 13 in Spellcasting
 38412 | Elf:2    | Reached XP level 17. HP: 128/128 MP: 34/34
 38480 | Elf:2    | Noticed Azrael
 38485 | Elf:2    | Killed Azrael
 38647 | Elf:1    | Noticed Agnes
 38655 | Elf:2    | Noticed Jorgrun
 38809 | Elf:1    | Found Wysulif's General Store.
 38815 | Elf:1    | Bought a scroll of identify for 28 gold pieces
 38815 | Elf:1    | Bought a potion of resistance for 140 gold pieces
 38940 | Elf:1    | Found Mubarph's Magic Scroll Emporium.
 38958 | Elf:1    | Killed Agnes
 39331 | Elf:1    | Offered knowledge of Lee's Rapid Deconstruction by Vehumet.
 39628 | Elf:1    | a dire elephant changed into a quicksilver dragon
 39628 | Elf:1    | Noticed a quicksilver dragon (glowing shapeshifter)
 39630 | Elf:1    | a quicksilver dragon changed into a stone giant
 40612 | Elf:1    | Found Ocroos's Weapon Shop.
 40621 | Elf:1    | Bought 6 curare-tipped darts for 108 gold pieces
 40621 | Elf:1    | Bought the +3 greatsling "Punk" {acid, rCorr} for 469 gold
                  | pieces
 40621 | Elf:1    | Found the +3 greatsling "Punk" {acid, rCorr}
 41077 | D:5      | Found a staircase to the Ecumenical Temple.
 41244 | D:5      | Killed Grinder
 41642 | D:14     | Noticed Frances
 41655 | D:14     | Killed Frances
 42098 | D:14     | Found a gate to the Vaults.
 42252 | D:14     | Reached skill level 5 in Ranged Weapons
 42684 | D:15     | Found a stormy altar of Qazlal.
 43084 | D:15     | Offered knowledge of Lehudib's Crystal Spear by Vehumet.
 43463 | D:15     | Reached skill level 14 in Spellcasting
 44072 | D:15     | Found a staircase to the Depths.
 44271 | D:14     | Reached XP level 18. HP: 124/135 MP: 23/36
 44846 | Elf:2    | Killed Jorgrun
 45636 | Elf:3    | Entered Level 3 of the Elven Halls
 45790 | Elf:3    | Reached skill level 10 in Translocations
 46053 | Elf:2    | Identified the +0 battleaxe of Flawed Execution {freeze,
                  | rElec rPois Dex+2}
 46205 | Elf:2    | Found a runed translucent gate.
 46208 | Elf:2    | Found a runed translucent gate.
 46208 | Elf:2    | Found a runed translucent gate.
 47423 | Elf:3    | Identified the ring of Ubleas Wuem {Fly rF+ rN+}
 47521 | Elf:3    | Identified the +9 war axe of Biatun {freeze, rCorr Str+5
                  | Dex-2}
 47788 | Elf:3    | Offered knowledge of Shatter by Vehumet.
 47788 | Elf:3    | Offered knowledge of Chain Lightning by Vehumet.
 47788 | Elf:3    | Offered knowledge of Polar Vortex by Vehumet.
 48354 | Elf:3    | Noticed a deep elf blademaster
 48359 | Elf:3    | Killed a deep elf blademaster
 48623 | Elf:3    | Identified the +0 storm dragon scales of Liberty {-Tele
                  | rElec rF+ SInv}
 48641 | Elf:3    | Got a foxed book
 48648 | Elf:3    | Got an engraved book
 48862 | Elf:3    | Reached skill level 15 in Spellcasting
 49537 | Elf:3    | Identified the +10 double sword of Imbalance {pain, Will+
                  | Int+5 Dex-5 Stlth+}
 49537 | Elf:3    | Identified the +2 leather armour of the World {rPois rC-
                  | rN+ Regen+}
 49630 | Elf:2    | Reached XP level 19. HP: 146/146 MP: 33/38
 49748 | Elf:2    | You fall into a shaft and drop 1 floor!
 50031 | Elf:2    | Reached skill level 1 in Long Blades
 51629 | D:12     | Upgraded the game from 0.31-a0-848-gaac375c287 to
                  | 0.31-a0-851-g7ff8af7976
 51864 | Swamp:1  | Learned a level 6 spell: Plasma Beam
 53066 | Swamp:2  | Found a bloodstained altar of Trog.
 53075 | Swamp:2  | Found a transporter.
 53076 | Swamp:2  | Noticed Rudyous's ghost (adept DsCj)
 53402 | Swamp:3  | Reached skill level 5 in Necromancy
 53488 | Swamp:3  | Noticed Aizul
 53757 | Swamp:4  | Entered Level 4 of the Swamp
 53969 | Swamp:3  | You are sucked into a shaft and drop 1 floor!
 54358 | Swamp:3  | Killed Aizul
 54359 | Swamp:3  | Reached skill level 10 in Fire Magic
 56856 | Swamp:4  | Reached XP level 20. HP: 151/153 MP: 27/39
 58028 | Swamp:4  | Reached skill level 5 in Dodging
 59179 | Swamp:4  | Found a blossoming altar of Fedhas.
 59297 | Swamp:4  | Found a basalt altar of Yredelemnul.
 59311 | Swamp:4  | Got a decaying rune of Zot
 59576 | Swamp:2  | Reached skill level 5 in Long Blades
 59583 | Swamp:2  | You are sucked into a shaft and drop 1 floor!
 59649 | Swamp:2  | You are sucked into a shaft and drop 1 floor!
 59709 | Swamp:2  | You are sucked into a shaft and drop 1 floor!
 59872 | Swamp:2  | You are sucked into a shaft and drop 1 floor!
 60266 | Swamp:2  | Killed Rudyous's ghost
 60790 | Vaults:1 | Entered Level 1 of the Vaults
 61442 | Spider:2 | Found a transporter.
 62359 | Spider:2 | Found a transporter.
 62362 | Spider:2 | Noticed Aneyh's ghost (adept TeMo)
 63053 | Spider:3 | Identified the +0 scale mail of the Treeataur {-Tele Dex+4
                  | Slay+3}
 63247 | Spider:4 | Entered Level 4 of the Spider Nest
 65898 | Spider:4 | Reached XP level 21. HP: 149/159 MP: 31/40
 67132 | Spider:4 | Got a gossamer rune of Zot
 67607 | Depths:1 | Entered Level 1 of the Depths
 67607 | Depths:1 | Noticed Asterion
 67614 | Depths:1 | Killed Asterion
 67615 | Depths:1 | Reached skill level 16 in Spellcasting
 67748 | Depths:1 | Found Satotar's Armour Boutique.
 68464 | Depths:1 | Identified the +0 kite shield of Death's Door {-Tele Int+4}
 68469 | Depths:1 | Found Uleruysu's Antique Weapon Shop.
 68474 | Depths:1 | Bought a masterwork halberd for 387 gold pieces
 68474 | Depths:1 | Identified the +6 halberd "Giant's Undoing" {antimagic, rF+
                  | Str-3 Int+7 Dex+2} (You bought it in a shop on level 1 of
                  | the Depths)
 68537 | Depths:1 | Identified the +0 flail of Venkup {flame, rC+}
 70022 | Depths:1 | Found a one-way gate leading to the halls of Pandemonium.
 70094 | Depths:1 | Found Riusm's Book Boutique.
 70097 | Depths:1 | Found Moaqops's Serpentskin Sales.
 70101 | Depths:1 | Bought a book of Weapons for 532 gold pieces
 70106 | Depths:1 | Learned a level 4 spell: Iskenderun's Mystic Blast
 70114 | Depths:1 | Bought 2 curare-tipped darts for 28 gold pieces
 70114 | Depths:1 | Bought a scroll of poison for 48 gold pieces
 70464 | Depths:1 | Found a gateway to Hell.
 72002 | Depths:2 | Reached skill level 17 in Spellcasting
 72447 | Depths:2 | Noticed a golden dragon
 72566 | Depths:2 | Killed a golden dragon
 72828 | Depths:1 | Reached XP level 22. HP: 164/165 MP: 31/43
 73246 | Depths:2 | Reached skill level 15 in Conjurations
 74039 | Depths:3 | Found an iron altar of Okawaru.
 74922 | Depths:3 | Found a one-way gate to the infinite horrors of the Abyss.
 75006 | Depths:3 | Reached skill level 18 in Spellcasting
 75008 | Depths:3 | Noticed a golden dragon
 75032 | Depths:3 | Killed a golden dragon
 75622 | Depths:3 | Found a one-way gateway to a ziggurat.
 75794 | Depths:3 | Reached skill level 15 in Fire Magic
 75894 | Depths:4 | Entered Level 4 of the Depths
 75959 | Depths:4 | Found a shadowy altar of Dithmenos.
 76142 | Depths:4 | Noticed Saint Roka
 76187 | Depths:4 | Killed Saint Roka
 76666 | Depths:4 | Noticed a golden dragon
 76874 | Depths:3 | Learned a level 9 spell: Fire Storm
 77446 | Depths:4 | Identified the +1 hat "Fuikum" {Regen+}
 77511 | Depths:4 | Noticed a golden dragon
 77519 | Depths:4 | Killed a golden dragon
 78196 | Depths:4 | Noticed a bone dragon
 78861 | Depths:4 | Killed a golden dragon
 78955 | Depths:4 | Reached XP level 23. HP: 169/170 MP: 38/45
 78984 | Depths:4 | Found a gate to the Realm of Zot.
 79812 | Depths:4 | Found a hide-covered altar of Uskayaw.
 80422 | Spider:2 | You are sucked into a shaft and drop 1 floor!
 80508 | Spider:2 | You are sucked into a shaft and drop 1 floor!
 80701 | Spider:2 | Killed Aneyh's ghost
 80725 | Spider:2 | Identified the +1 cloak of the Orcish Mines {rCorr}
 81669 | Vaults:1 | Found Ziaraus's Armour Boutique.
 82087 | Vaults:1 | Identified the +2 kite shield of Moahabru {rN+}
 82087 | Vaults:1 | Noticed Donald
 82104 | Vaults:1 | Killed Donald
 83463 | Vaults:2 | Reached skill level 10 in Armour
 85727 | Vaults:2 | Found Luskac's Magic Scroll Shoppe.
 85735 | Vaults:2 | Bought a scroll of fear for 80 gold pieces
 85735 | Vaults:2 | Bought a scroll of enchant armour for 150 gold pieces
 85735 | Vaults:2 | Bought a scroll of revelation for 150 gold pieces
 85735 | Vaults:2 | Bought a scroll of revelation for 150 gold pieces
 86190 | Vaults:3 | You are sucked into a shaft and drop 1 floor!
 86526 | Vaults:4 | Reached XP level 24. HP: 170/178 MP: 34/45
 86963 | Vaults:3 | Noticed Nikola
 87123 | Vaults:3 | Killed Nikola
 88208 | Vaults:3 | Found a staircase to the Crypt.
 88212 | Crypt:1  | Entered Level 1 of the Crypt
 89041 | Crypt:1  | Noticed Bai Suzhen
 90114 | Vaults:3 | Found Ociog's Weapon Shoppe.
 90458 | Crypt:1  | Killed Bai Suzhen
 90576 | Crypt:1  | Got an innocuous book
 92940 | Vaults:4 | Noticed a golden dragon
 92957 | Vaults:4 | Killed a golden dragon
 93370 | Crypt:1  | Reached XP level 25. HP: 184/184 MP: 36/45
 94676 | Crypt:1  | Identified the +1 chain mail of Wonder {rCorr}
 95441 | Crypt:1  | Reached skill level 15 in Shields
 95766 | Crypt:1  | Noticed a dread lich
 95770 | Crypt:1  | Killed a dread lich
 96559 | Crypt:2  | Noticed Grunn
 96561 | Crypt:2  | Noticed a royal mummy
 96563 | Crypt:2  | Noticed Khufu
 96564 | Crypt:2  | Noticed a royal mummy
 97383 | Crypt:2  | Noticed Margery
 97531 | Crypt:2  | Noticed Sojobo
 97531 | Crypt:2  | Noticed a royal mummy
 97828 | Crypt:2  | Killed Margery
 98474 | Crypt:2  | Killed Grunn
 98914 | Crypt:2  | Killed Khufu
 99092 | Crypt:2  | Killed a royal mummy
100089 | Crypt:2  | Killed a royal mummy
100090 | Crypt:2  | Reached XP level 26. HP: 107/191 MP: 6/45
100428 | Crypt:2  | Identified the +9 lajatang of Distant Worlds {spect, Str+3}
100428 | Crypt:2  | Identified the +1 robe "Cuoshreph" {Int+6 SInv Stlth-}
100453 | Crypt:2  | Identified the +0 chain mail "Humiqawk" {Will+ Slay+5}
100460 | Crypt:2  | Identified the +3 longbow of Cyucefam {speed, rN+}
100480 | Crypt:2  | Killed a royal mummy
100608 | Crypt:2  | Killed Sojobo
101117 | Crypt:3  | Entered Level 3 of the Crypt
102443 | Crypt:3  | Found an ancient bone altar of Kikubaaqudgha.
103141 | Crypt:3  | Noticed an ancient lich
103145 | Crypt:3  | Killed an ancient lich
103304 | Crypt:3  | Got a peculiar book
103310 | Crypt:3  | Identified the +0 chain mail of the Guardian {Will- Dex+5}
103404 | Crypt:3  | Identified the +2 robe of the Shoals {rF+ rC++ Will+}
103514 | Crypt:3  | Reached skill level 19 in Spellcasting
103840 | Crypt:3  | Noticed a royal mummy
104119 | Crypt:3  | Killed a royal mummy
104428 | Crypt:3  | Found a staircase to the Tomb.
104759 | Crypt:3  | Identified the +8 demon trident "Biwecw" {vamp, SInv}
105026 | Tomb:1   | Entered Level 1 of the Tomb of the Ancients
106170 | Slime:1  | Entered Level 1 of the Pits of Slime
106892 | Slime:2  | Gained mutation: You are vulnerable to heat. (rF-) [a
                  | shining eye]
106895 | Slime:1  | Gained mutation: You are partially covered in iridescent
                  | scales. (AC +2) [a shining eye]
108134 | Slime:2  | Reached XP level 27. HP: 170/198 MP: 26/46
109049 | Slime:5  | Entered Level 5 of the Pits of Slime
109097 | Slime:5  | Noticed the Royal Jelly
110655 | Slime:5  | Reached skill level 10 in Air Magic
111375 | Slime:5  | Found a viscous altar of Jiyva.
111673 | Slime:5  | Killed the Royal Jelly
112353 | Slime:5  | Identified the ring "Zadwut" {rN+ Str+5}
112420 | Slime:5  | Identified the +2 leather armour "Anuon" {rN+ Int+5 Dex+3}
112436 | Slime:5  | Identified the +1 mace "Ohuo" {freeze, Str+2}
112492 | Slime:5  | Got a resplendent book
112512 | Slime:5  | Identified the +6 battleaxe of the Viper {flame, *Corrode
                  | rElec rPois Dex+7}
112519 | Slime:5  | Got a slimy rune of Zot
112558 | Slime:5  | Identified the staff of Duty {rPois rF+ Summ Fire}
112574 | Slime:5  | Got an unusual book
112584 | Slime:5  | Identified the staff of Cowardice {rF+ Stlth+ Conj}
112585 | Slime:5  | Identified the staff "Juxalu" {Contam rF+ rCorr Int-3 Dex+9
                  | Fire}
112907 | D:12     | Lost mutation: You are partially covered in iridescent
                  | scales. (AC +2) [potion of mutation]
112907 | D:12     | Lost mutation: You are vulnerable to heat. (rF-) [potion of
                  | mutation]
112907 | D:12     | Gained mutation: Armour fits poorly on your strangely
                  | shaped body. [potion of mutation]
112907 | D:12     | Gained mutation: Your spells are a little harder to cast,
                  | but a little more powerful. [potion of mutation]
113587 | Zot:1    | Entered Level 1 of the Realm of Zot
113807 | Zot:1    | Reached skill level 1 in Staves
114235 | Zot:2    | Noticed an orb of fire
114236 | Zot:2    | Gained mutation: You have hidden genetic defects. [an orb
                  | of fire]
114237 | Zot:2    | Gained mutation: You occasionally lose the ability to drink
                  | potions when taking damage. [an orb of fire]
114238 | Zot:2    | Killed an orb of fire
114239 | Zot:2    | Reached skill level 10 in Ice Magic
115061 | Zot:1    | You are sucked into a shaft and drop 1 floor!
116315 | Zot:2    | Gained mutation: Your body sometimes deteriorates upon
                  | taking damage. [hidden defects]
116860 | Zot:3    | Noticed an orb of fire
117362 | Zot:2    | Noticed an orb of fire
117362 | Zot:2    | Gained mutation: Your muscles are strong. (Str +4, Int/Dex
                  | -1) [an orb of fire]
117628 | Zot:2    | Gained mutation: You occasionally shout uncontrollably at
                  | your foes. [an orb of fire]
117630 | Zot:2    | Killed an orb of fire
117834 | Zot:2    | Gained mutation: You occasionally lose the ability to read
                  | scrolls when taking damage. [hidden defects]
117834 | Zot:2    | Lost mutation: You have hidden genetic defects. [hidden
                  | defects expressed]
118206 | Zot:3    | Reached skill level 5 in Staves
118240 | Zot:3    | Reached skill level 20 in Spellcasting
118417 | Zot:3    | Gained mutation: You have hidden genetic defects. [an orb
                  | of fire]
118419 | Zot:3    | You are sucked into a shaft and drop 1 floor!
119816 | Zot:3    | Gained mutation: Your body often deteriorates upon taking
                  | damage. [an orb of fire]
119819 | Zot:3    | Killed an orb of fire
120340 | Zot:3    | Gained mutation: You are frail. (-10% HP) [hidden defects]
121068 | Zot:5    | Entered Level 5 of the Realm of Zot
122380 | Zot:4    | Gained mutation: You sometimes lose the ability to drink
                  | potions when taking damage. [hidden defects]
122380 | Zot:4    | Lost mutation: You have hidden genetic defects. [hidden
                  | defects expressed]
123211 | Zot:5    | Noticed an ancient lich
123228 | Zot:5    | Killed an ancient lich
123967 | Zot:5    | Noticed a Killer Klown
123975 | Zot:5    | Killed a Killer Klown
123981 | Zot:5    | Noticed an orb of fire
124142 | Zot:5    | Noticed an orb of fire
124144 | Zot:5    | Gained mutation: You are vulnerable to heat. (rF-) [an orb
                  | of fire]
124156 | Zot:5    | Gained mutation: You do not regenerate when monsters are
                  | visible. [an orb of fire]
124159 | Zot:5    | Killed an orb of fire
124160 | Zot:5    | Noticed an ancient lich
124168 | Zot:5    | Noticed an orb of fire
124652 | D:12     | Lost mutation: Armour fits poorly on your strangely shaped
                  | body. [potion of mutation]
124652 | D:12     | Lost mutation: You are frail. (-10% HP) [potion of
                  | mutation]
124652 | D:12     | Lost mutation: You sometimes lose the ability to drink
                  | potions when taking damage. [potion of mutation]
124652 | D:12     | Gained mutation: Your flesh is cold resistant. (rC+)
                  | [potion of mutation]
124653 | D:12     | Lost mutation: Your muscles are strong. (Str +4, Int/Dex
                  | -1) [potion of mutation]
124653 | D:12     | Lost mutation: Your body often deteriorates upon taking
                  | damage. [potion of mutation]
124653 | D:12     | Lost mutation: Your spells are a little harder to cast, but
                  | a little more powerful. [potion of mutation]
124653 | D:12     | Gained mutation: Your skin changes colour to match your
                  | surroundings (Stealth+). [potion of mutation]
124654 | D:12     | Lost mutation: You are vulnerable to heat. (rF-) [potion of
                  | mutation]
124654 | D:12     | Lost mutation: Your body sometimes deteriorates upon taking
                  | damage. [potion of mutation]
124654 | D:12     | Gained mutation: You are partially covered in iridescent
                  | scales. (AC +2) [potion of mutation]
124654 | D:12     | Gained mutation: You have hidden genetic potential. [potion
                  | of mutation]
124655 | D:12     | Lost mutation: You do not regenerate when monsters are
                  | visible. [potion of mutation]
124655 | D:12     | Lost mutation: You occasionally lose the ability to read
                  | scrolls when taking damage. [potion of mutation]
124655 | D:12     | Lost mutation: Your flesh is cold resistant. (rC+) [potion
                  | of mutation]
124655 | D:12     | Lost mutation: You occasionally lose the ability to drink
                  | potions when taking damage. [potion of mutation]
125055 | Zot:5    | Noticed an ancient lich
125057 | Zot:5    | Noticed an ancient lich
125060 | Zot:5    | Killed an ancient lich
125062 | Zot:5    | Killed an ancient lich
125095 | Zot:5    | Gained mutation: Your system is resistant to poisons.
                  | (rPois) [an orb of fire]
125095 | Zot:5    | Gained mutation: Your body sometimes deteriorates upon
                  | taking damage. [an orb of fire]
125098 | Zot:5    | Killed an orb of fire
125273 | Zot:5    | Noticed a Killer Klown
125276 | Zot:5    | Killed a Killer Klown
125282 | Zot:5    | Noticed an ancient lich
125518 | Zot:5    | Killed an ancient lich
125566 | Zot:5    | Lost mutation: You have hidden genetic potential. [an orb
                  | of fire]
125578 | Zot:5    | Gained mutation: Your body often deteriorates upon taking
                  | damage. [an orb of fire]
125579 | Zot:5    | Killed an orb of fire
125620 | Zot:5    | Killed an ancient lich
125900 | Zot:5    | Noticed a dread lich
125935 | Zot:5    | Gained mutation: You frequently scream uncontrollably at
                  | your foes. [a cacodemon]
126072 | Zot:5    | Killed a dread lich
127153 | Zot:5    | Reached skill level 15 in Ice Magic
127206 | Zot:5    | Noticed an ancient lich
127210 | Zot:5    | Killed an ancient lich
127320 | Zot:5    | Noticed a dread lich
127324 | Zot:5    | Killed a dread lich
127376 | Zot:5    | Noticed an ancient lich
127381 | Zot:5    | Killed an ancient lich
127999 | Zot:5    | Noticed a dread lich
128003 | Zot:5    | Killed a dread lich
128755 | D:12     | Lost mutation: Your skin changes colour to match your
                  | surroundings (Stealth+). [potion of mutation]
128755 | D:12     | Lost mutation: You frequently scream uncontrollably at your
                  | foes. [potion of mutation]
128755 | D:12     | Gained mutation: You have hidden genetic defects. [potion
                  | of mutation]
128755 | D:12     | Gained mutation: You frequently scream uncontrollably at
                  | your foes. [potion of mutation]
128755 | D:12     | Gained mutation: You are agile. (Dex +4, Str/Int -1)
                  | [potion of mutation]
128756 | D:12     | Lost mutation: You frequently scream uncontrollably at your
                  | foes. [potion of mutation]
128756 | D:12     | Lost mutation: You have hidden genetic defects. [potion of
                  | mutation]
128756 | D:12     | Lost mutation: Your body often deteriorates upon taking
                  | damage. [potion of mutation]
128756 | D:12     | Gained mutation: You are frail. (-10% HP) [potion of
                  | mutation]
128759 | D:12     | Lost mutation: Your body sometimes deteriorates upon taking
                  | damage. [potion of mutation]
128759 | D:12     | Lost mutation: You are partially covered in iridescent
                  | scales. (AC +2) [potion of mutation]
128759 | D:12     | Gained mutation: You have hidden genetic defects. [potion
                  | of mutation]
128759 | D:12     | Gained mutation: Your spells are a little harder to cast,
                  | but a little more powerful. [potion of mutation]
128783 | D:12     | Learned a level 9 spell: Polar Vortex
129027 | Hell     | Entered the Vestibule of Hell
129028 | Hell     | Noticed Geryon
129034 | Hell     | Killed Geryon
130050 | Depths:2 | Gained mutation: You occasionally lose the ability to read
                  | scrolls when taking damage. [hidden defects]
131105 | Hell     | Found a gateway to the Iron City of Dis.
131113 | Dis:1    | Entered Level 1 of the Iron City of Dis
131167 | Hell     | Found a gateway to the ashen valley of Gehenna.
131176 | Geh:1    | Entered Level 1 of Gehenna
131751 | Hell     | Found a gateway to the decaying netherworld of Tartarus.
131760 | Tar:1    | Entered Level 1 of Tartarus
131782 | Tar:1    | Noticed a juggernaut
131978 | Hell     | Found a gateway to the freezing wastes of Cocytus.
132031 | Coc:1    | Entered Level 1 of Cocytus
132169 | Hell     | Gained mutation: You are dopey. (Int -2) [hidden defects]
132169 | Hell     | Lost mutation: You have hidden genetic defects. [hidden
                  | defects expressed]
132435 | Coc:2    | Noticed a shard shrike
132436 | Coc:2    | Noticed a shard shrike
132436 | Coc:2    | Noticed a shard shrike
132439 | Coc:2    | Killed a shard shrike
132439 | Coc:2    | Noticed a shard shrike
132440 | Coc:2    | Killed a shard shrike
132440 | Coc:2    | Killed a shard shrike
132442 | Coc:2    | Killed a shard shrike
132865 | D:12     | Lost mutation: You are agile. (Dex +4, Str/Int -1) [potion
                  | of mutation]
132865 | D:12     | Lost mutation: You are frail. (-10% HP) [potion of
                  | mutation]
132865 | D:12     | Lost mutation: Your system is resistant to poisons. (rPois)
                  | [potion of mutation]
132865 | D:12     | Gained mutation: You do not regenerate when monsters are
                  | visible. [potion of mutation]
132865 | D:12     | Gained mutation: You are partially covered in iridescent
                  | scales. (AC +2) [potion of mutation]
132865 | D:12     | Lost mutation: Your spells are a little harder to cast, but
                  | a little more powerful. [potion of mutation]
132865 | D:12     | Gained mutation: You have sharp toenails. [potion of
                  | mutation]
133182 | Zig:1    | Entered Level 1 of a ziggurat
133211 | Zig:2    | Entered Level 2 of a ziggurat
133256 | Zig:3    | Entered Level 3 of a ziggurat
133259 | Zig:3    | Noticed Linack the pandemonium lord
133285 | Zig:3    | Killed Linack the pandemonium lord
133576 | Zig:3    | Got a droning book
133587 | Zig:4    | Entered Level 4 of a ziggurat
133682 | Zig:5    | Entered Level 5 of a ziggurat
133699 | Zig:5    | Identified the +2 scale mail of the Furrier {+Inv rN+}
133725 | Zig:6    | Entered Level 6 of a ziggurat
133837 | Zig:7    | Entered Level 7 of a ziggurat
133845 | Zig:7    | Noticed a Killer Klown
133845 | Zig:7    | Noticed a Killer Klown
133845 | Zig:7    | Found the +2 shield of Resistance {rF++ rC++ Will++}
133845 | Zig:7    | Noticed a Killer Klown
133859 | Zig:7    | Killed a Killer Klown
133859 | Zig:7    | Killed a Killer Klown
133859 | Zig:7    | Killed a Killer Klown
134051 | Zig:8    | Entered Level 8 of a ziggurat
134060 | Zig:8    | Reached skill level 21 in Spellcasting
134079 | Zig:8    | Noticed Koalisys the pandemonium lord
134096 | Zig:8    | Identified the ring "Med Qud" {rPois rC+++ rN+ Int+6 Dex-2}
134879 | Vaults:5 | Entered Level 5 of the Vaults
135511 | Vaults:5 | Found Rutzojaf's Magic Scroll Boutique.
135530 | Vaults:5 | Bought a scroll of poison for 88 gold pieces
135530 | Vaults:5 | Bought a scroll of enchant weapon for 165 gold pieces
135530 | Vaults:5 | Bought a scroll of silence for 209 gold pieces
135759 | Vaults:5 | Noticed a dread lich
135764 | Vaults:5 | Killed a dread lich
136051 | Vaults:5 | Identified the orb of Kuomexok {*channel, Will+}
136055 | Vaults:5 | Got a loosely-bound book
136059 | Vaults:5 | Learned a level 2 spell: Sublimation of Blood
136409 | Vaults:5 | Identified the +10 dagger "Newtslayer" {elec, Str+3}
136738 | Vaults:5 | Identified the -2 pair of gloves of Sadwoopp {rF+ rC+}
136742 | Vaults:5 | Got a silver rune of Zot
136795 | Vaults:5 | Reached skill level 15 in Fighting
136795 | Vaults:5 | Reached skill level 10 in Necromancy
137831 | Tomb:1   | Noticed a royal mummy
138265 | Tomb:1   | Noticed a royal mummy
138360 | Tomb:1   | Killed a royal mummy
139124 | Tomb:1   | Killed a royal mummy
139587 | Tomb:2   | Noticed a royal mummy
139587 | Tomb:2   | Noticed a royal mummy
139587 | Tomb:2   | Noticed a royal mummy
139587 | Tomb:2   | Noticed a royal mummy
139596 | Tomb:2   | Killed a royal mummy
139915 | Tomb:2   | Killed a royal mummy
139919 | Tomb:2   | Killed a royal mummy
139924 | Tomb:2   | Reached skill level 10 in Dodging
139925 | Tomb:2   | Killed a royal mummy
140705 | Tomb:1   | Noticed a royal mummy
140709 | Tomb:1   | Killed a royal mummy
140709 | Tomb:1   | Noticed a royal mummy
140714 | Tomb:1   | Killed a royal mummy
141048 | Tomb:1   | Noticed a royal mummy
141052 | Tomb:1   | Killed a royal mummy
141057 | Tomb:1   | Noticed a royal mummy
141111 | Tomb:1   | Noticed a royal mummy
141269 | Tomb:1   | Killed a royal mummy
141272 | Tomb:1   | Killed a royal mummy
141281 | Tomb:1   | Noticed a royal mummy
141284 | Tomb:1   | Killed a royal mummy
141302 | Tomb:1   | Noticed a royal mummy
141305 | Tomb:1   | Killed a royal mummy
141527 | Tomb:1   | Noticed a royal mummy
141531 | Tomb:1   | Killed a royal mummy
141568 | Tomb:1   | Noticed a royal mummy
141573 | Tomb:1   | Killed a royal mummy
141844 | Tomb:1   | Noticed a royal mummy
141849 | Tomb:1   | Killed a royal mummy
142092 | Tomb:1   | Noticed a royal mummy
142179 | Tomb:1   | Killed a royal mummy
142372 | Tomb:1   | Noticed a royal mummy
142411 | Tomb:1   | Killed a royal mummy
142570 | Tomb:1   | Noticed a royal mummy
142575 | Tomb:1   | Killed a royal mummy
142576 | Tomb:1   | Reached skill level 22 in Spellcasting
142801 | Tomb:1   | Noticed a royal mummy
142811 | Tomb:1   | Killed a royal mummy
142817 | Tomb:1   | Noticed a royal mummy
142820 | Tomb:1   | Killed a royal mummy
142820 | Tomb:1   | Killed a royal mummy
143025 | Tomb:1   | Noticed a royal mummy
143028 | Tomb:1   | Killed a royal mummy
143040 | Tomb:1   | Noticed a royal mummy
143047 | Tomb:1   | Killed a royal mummy
143211 | Tomb:1   | Noticed a royal mummy
143215 | Tomb:1   | Killed a royal mummy
144791 | Tomb:3   | Entered Level 3 of the Tomb of the Ancients
144805 | Tomb:3   | Noticed a royal mummy
144808 | Tomb:3   | Killed a royal mummy
144817 | Tomb:3   | Noticed a royal mummy
144818 | Tomb:3   | Noticed a royal mummy
144822 | Tomb:3   | Killed a royal mummy
144822 | Tomb:3   | Killed a royal mummy
144822 | Tomb:3   | Noticed a royal mummy
144824 | Tomb:3   | Noticed a royal mummy
144828 | Tomb:3   | Killed a royal mummy
144828 | Tomb:3   | Killed a royal mummy
144846 | Tomb:3   | Noticed a royal mummy
145180 | Tomb:3   | Noticed a royal mummy
145180 | Tomb:3   | Noticed a royal mummy
145184 | Tomb:3   | Killed a royal mummy
145185 | Tomb:3   | Killed a royal mummy
145195 | Tomb:3   | HP: 3/207 [royal mummy/divine providence (14)]
145195 | Tomb:3   | Demolished by an emperor scorpion

Illustrated notes

Levels and vault maps discovered:
D:1:      tarquinn_simple_flora_water_d, layout_basic, minmay_liquid_box,
          minmay_tromino_v7
D:2:      layout_basic, hangedman_decor_slide_cut, minmay_misc_feat_tiny,
          moated_statue, kennysheep_generic_room_16
D:3:      minmay_bubble_buster, layout_basic, serial_glass, glass_columns_a,
          glass_columns_b, minmay_strange_pillars, minmay_strange_pillars,
          minmay_fractal_squares_diagonal_5
D:4:      layout_basic, nicolae_overflow_two_pavilions, minmay_ogre_servants
D:5:      layout_loops_ring, minmay_temple_entry_junction,
          lightli_sewer_entry_pipes, uniq_duvessa, uniq_grinder,
          uniq_prince_ribbit1
D:6:      layout_basic, grunt_temple_overflow_gold_and_silver,
          mainiacjoe_overflow_24_doors, sigmund_army
D:7:      layout_rooms, tso_altar, nicolae_ossuary_entry_monument, st_stairs_3
D:8:      layout_rooms, beargit_hepliaklqana_dungeon_heroes,
          mainiacjoe_overflow_alcove_1, st_stairs_11, uniq_maurice, uniq_erica
D:9:      layout_basic, mainiacjoe_overflow_paths, overflow_temple_1_default,
          serial_shops, shop, uniq_psyche, uniq_jeremiah
D:10:     lemuel_vampire_tower, layout_irregular_city, dpeg_lair_monsters,
          uniq_nergalle
D:11:     layout_gridville
D:12:     layout_roguey, zombieorc2_lemuel, portal_ice_cave_entry_pillars_2,
          uniq_snorg, uniq_fannar
D:13:     layout_cave_pods
D:14:     layout_irregular_city, grunt_vaults_entry_tiered,
          chequers_serial_rivers_marsh, minivault_25, st_stairs_3, uniq_frances
D:15:     grunt_enter_depths_hoard, layout_basic, grunt_qazlal_clouds,
          chequers_decorated_corner
Temple:   chequers_temple_sunken
Lair:1:   layout_long_grid, hangedman_lair_unloving_vines
Lair:2:   layout_chaotic_city
Lair:3:   layout_regular_city, swamp_mist, hellmonk_spider_entry_not_the_bees
Lair:4:   layout_regular_city, minmay_slime_entry_pillars
Lair:5:   due_jungle_book, layout_misc_corridors, uniq_josephine, uniq_sonja
Swamp:1:  nicolae_swamp_ascending_descending, layout_basic_swamp,
          hangedman_swamp_blocks, swamp_pool1,
          nicolae_swamp_orc_logging_accident
Swamp:2:  layout_basic_swamp, gammafunk_ghost_wrathful_warriors,
          hangedman_swamp_ruin_hall
Swamp:3:  nzn_winding_woodlands_small [nzn_winding_woodlands_5x15_sidewinder,
          nzn_winding_woodlands_center_diamonds,
          nzn_winding_woodlands_5x15_pool], layout_basic_swamp,
          evilmike_swamp_ruin_house_2, swamp_pool5, uniq_aizul
Swamp:4:  byrel_swamp_growth_death_and_undeath, layout_basic_swamp, swamp_pool1,
          nicolae_swamp_fairy_circle, nicolae_swamp_spriggan_camp,
          infiniplex_staircase_pool_2
Spider:1: layout_spider_delve
Spider:2: layout_chambers, gammafunk_ghost_berserking_beasts,
          hangedman_spider_tarantella_strand
Spider:3: layout_chambers, nicolae_spider_twisty_arc_passages
Spider:4: grunt_spider_rune_parallel, special_room [special_room_bee]
Slime:1:  layout_caves
Slime:2:  layout_caves, nicolae_slime_welcoming_committee
Slime:3:  layout_caves
Slime:4:  layout_caves
Slime:5:  slime_pit_nicolae_inversion
Orc:1:    gammafunk_beogh_shrine, layout_caves, basic_altar, uniq_gastronok,
          uniq_harold
Orc:2:    st_orc_congregation, layout_caves
Elf:1:    layout_geoelf_diagonals, serial_shops, shop, shop, nicolae_shop_stone,
          evilmike_minifort, grunt_megastairs_4, uniq_norris, uniq_agnes
Elf:2:    nicolae_elf_blades_splatter_lattice [mumra_blade_entry_bloodbath],
          layout_loops_cross, uniq_jorgrun, uniq_azrael
Elf:3:    minmay_elf_hall_curves, layout_geoelf_diagonals,
          hangedman_corner_corridor
Vaults:1: nicolae_vaults_little_ls, nicolae_vaults_double_plus_2,
          nicolae_vaults_trapezoid_4, hangedman_vaults_hat,
          nicolae_vaults_turnstiles, vaults_dpeg_cross, vaults_mumra_chevron,
          nicolae_vaults_apartment_2, hangedman_vaults_restitches,
          nicolae_vaults_tetromino_L_2, v_misc_17,
          nicolae_vaults_border_crossing, nicolae_vaults_back_hallway,
          layout_vaults_omnibox, serial_shops, nicolae_lakefront_shop,
          uniq_donald
Vaults:2: nicolae_vaults_quartermaster, vaults_room_pools,
          nicolae_vaults_three_branches, v_misc_26,
          nicolae_vaults_trapezoid_lopsided_2, v_misc_31,
          nicolae_vaults_tetromino_L_1, nicolae_vaults_six-pack,
          vaults_room_pool, layout_vaults_quadrants, serial_shops, shop
Vaults:3: minmay_crypt_entry_skeletal_spiral, nicolae_vaults_closet_pinwheel_3,
          hangedman_vaults_slice, nicolae_vaults_double_plus_2,
          nicolae_vaults_mini_display_case, v_misc_1,
          vaults_dpeg_emergency_exit, layout_vaults_chaotic_city, serial_shops,
          shop, uniq_nikola
Vaults:4: nicolae_vaults_double_plus_3, nicolae_vaults_branching_niches,
          ontoclasm_vaults_chip, ontoclasm_vaults_spin, hangedman_vaults_stream,
          hangedman_vaults_river_flow, vaults_room_ringed_pool,
          nicolae_vaults_sesquioval_fish, grunt_vaults_funnel,
          ontoclasm_vaults_ligature, layout_vaults_omnicross
Vaults:5: serial_shops
Crypt:1:  grunt_deathspiral_small, layout_basic, uniq_bai_suzhen
Crypt:2:  layout_regular_city, beargit_elvish_explorers, uniq_grunn,
          uniq_sojobo, uniq_khufu, uniq_margery
Crypt:3:  evilmike_haunted_forest
Tomb:1
Tomb:2
Tomb:3
Depths:1: layout_cave_pools, grunt_hell_entry_dis_mu, serial_shops,
          kennysheep_mini_moat, grunt_pan_entry_spiral, guppyfry_shop_venom,
          serial_bayou_shore_a, minmay_shoptagon, uniq_asterion
Depths:2: thingy_vault, layout_honeycomb, hell_entry,
          grunt_pan_entry_in_and_out, abandoned_shop, serial_bayou_shore_b
Depths:3: kennysheep_cluttered_fort, layout_small_grid, enter_ziggurat_f,
          okawaru_trees_1, hell_entry, abyss_entry, grunt_pan_entry_sceptre,
          infiniplex_staircase_zigzag_3
Depths:4: grunt_crosshair, layout_basic, hangedman_abyss_entry_splay,
          hangedman_coc_ice_floe, nicolae_uskayaw_suspiria,
          rand_demon_pan_entry_8, nicolae_dithmenos_the_darkroom,
          uniq_saint_roka, uniq_josephina
Hell
Dis:1:    layout_jigsaw
Geh:1:    layout_gehenna_pools_basic
Geh:2:    layout_gehenna_lava_caves
Coc:1:    layout_cocytus_water_paths
Coc:2:    layout_cocytus_water_paths
Tar:1:    nicolae_hells_titanomachy
Zot:1:    layout_basic, grunt_ministairs_11, bh_zot_lava_cross
Zot:2:    kennysheep_blocky_room, layout_cellular_growth
Zot:3:    layout_onion_interference, hangedman_swamp_dais
Zot:4:    layout_cellular_growth
Zot:5:    layout_cellular_growth, st_stairs_9

Skill      XL: |  1  2  3  4  5  6  7  8  9 10 11 12 13 14 15 16 17 18 19 20 21 22 23 24 25 26 27 |
---------------+----------------------------------------------------------------------------------+-----
Spellcasting   | 1 2 3 4 5 6 7 8 9 11 13 14 15 17 18 19 22 | 22.6
Evocations     | 1 2 |  2.0
Ranged Weapons | 1 2 3 4 5 6 9 |  9.0
Poison Magic   | 1 3 5 6 |  6.0
Conjurations   | 2 3 5 7 8 9 10 11 12 13 14 15 17 18 19 20 | 20.8
Air Magic      | 2 3 4 5 7 8 9 11 | 11.3
Ice Magic      | 3 6 7 8 20 | 20.0
Transmutations | 1 3 4 |  4.0
Dodging        | 2 3 4 5 6 7 9 11 | 11.0
Shields        | 1 4 6 9 10 11 12 14 15 16 19 | 19.4
Armour         | 1 3 5 6 7 8 10 13 | 13.5
Fighting       | 5 6 7 10 11 12 15 | 15.0
Fire Magic     | 3 7 8 9 10 11 13 15 17 18 19 20 21 | 21.0
Necromancy     | 2 4 5 6 7 12 | 12.9
Translocations | 6 7 9 10 | 10.8
Long Blades    | 4 5 6 9 |  9.0
Stealth        | 7 8 9 |  9.0
Staves         | 6 |  6.8
Maces & Flails | |  2.0

Action                     |  1- 3 |  4- 6 |  7- 9 | 10-12 | 13-15 | 16-18 | 19-21 | 22-24 | 25-27 || total
---------------------------+-------+-------+-------+-------+-------+-------+-------+-------+-------++-------
  Melee: Mace              |    21 |   116 |    43 |       |       |       |       |       |       ||   180
         Punch             |       |     1 |     4 |     2 |       |       |       |       |       ||     7
         Dagger            |       |       |   214 |    51 |       |       |       |       |       ||   265
         Falchion          |       |       |     6 |   149 |       |       |       |       |       ||   155
         Scimitar          |       |       |       |       |   203 |    62 |       |       |       ||   265
         Morningstar       |       |       |       |       |       |     2 |       |       |       ||     2
         Double sword      |       |       |       |       |       |       |   173 |   215 |   295 ||   683
         Lajatang          |       |       |       |       |       |       |       |       |     4 ||     4
   Fire: Sling             |    30 |       |   197 |   136 |   485 |     6 |       |       |       ||   854
         Orcbow            |    43 |    92 |    42 |       |       |       |       |       |       ||   177
         Arbalest          |       |       |       |       |       |    40 |       |       |     5 ||    45
         Greatsling        |       |       |       |       |       |   112 |   145 |   125 |   127 ||   509
  Throw: Dart              |       |     1 |     4 |     5 |    19 |     6 |     1 |     4 |     2 ||    42
         Throwing net      |       |       |       |       |       |     1 |     1 |       |       ||     2
   Cast: Mephitic Cloud    |       |       |     5 |    14 |       |       |       |       |       ||    19
         Kiss of Death     |       |       |     1 |       |     1 |       |       |       |       ||     2
         Freezing Cloud    |       |       |       |    94 |   306 |   185 |   122 |   123 |    23 ||   853
         Poisonous Vapours |       |       |       |     4 |     4 |     1 |     1 |       |       ||    10
         Ignite Poison     |       |       |       |     6 |    11 |   157 |   120 |    76 |     4 ||   374
         Sticky Flame      |       |       |       |       |     8 |    27 |    28 |    34 |    66 ||   163
         Conjure Ball Ligh |       |       |       |       |     5 |    16 |    41 |    49 |    35 ||   146
         Olgreb's Toxic Ra |       |       |       |       |       |   141 |   126 |    70 |    12 ||   349
         Orb of Destructio |       |       |       |       |       |    81 |   247 |   205 |   476 ||  1009
         Ozocubu's Armour  |       |       |       |       |       |    15 |    22 |    12 |    11 ||    60
         Passage of Golubr |       |       |       |       |       |    21 |    16 |    25 |    61 ||   123
         Plasma Beam       |       |       |       |       |       |       |    71 |   140 |   187 ||   398
         Iskenderun's Myst |       |       |       |       |       |       |       |     6 |    12 ||    18
         Fire Storm        |       |       |       |       |       |       |       |       |   539 ||   539
         Polar Vortex      |       |       |       |       |       |       |       |       |    33 ||    33
         Sublimation of Bl |       |       |       |       |       |       |       |       |    24 ||    24
Ability: Dig               |     1 |       |       |     1 |     1 |     7 |     4 |     3 |    17 ||    34
         Shaft Self        |       |     1 |     2 |     3 |       |     5 |     6 |     3 |     2 ||    22
  Evoke: Wand              |     4 |       |     5 |     4 |       |     3 |     2 |       |    19 ||    37
    Use: Scroll            |       |       |    12 |     1 |    14 |    15 |     3 |     2 |    16 ||    63
         Potion            |       |       |     1 |     1 |     9 |     4 |     1 |     1 |    50 ||    67
   Stab: Sleeping          |     1 |     3 |     1 |       |     1 |     1 |       |     2 |     1 ||    10
         Confused          |       |       |       |     1 |       |       |       |       |       ||     1
         Distracted        |       |       |       |       |       |       |     1 |     1 |       ||     2
 Armour: Leather armour    |    17 |       |       |       |     2 |   316 |    17 |       |    75 ||   427
         Ring mail         |    14 |   153 |   255 |     5 |       |       |   471 |   509 |   751 ||  2158
         Robe              |       |       |       |   279 |   246 |       |       |       |       ||   525
         Troll leather arm |       |       |       |       |       |       |       |       |    46 ||    46
  Dodge: Dodged            |    28 |    93 |   210 |   200 |   160 |   142 |   186 |   185 |   361 ||  1565
  Block: Buckler           |       |       |       |    78 |   117 |   127 |   269 |   267 |   452 ||  1310
         Reflection        |       |       |       |       |       |    19 |     5 |    39 |    16 ||    79
         Kite shield       |       |       |       |       |       |       |       |       |   167 ||   167

Table legend: (Time is in decaauts)
 A = Elapsed time spent in this place.
 B = Non-inter-level travel time spent in this place.
 C = Inter-level travel time spent in this place.
 D = Time resting spent in this place.
 E = Time spent auto-exploring this place.
 F = Levels seen in this place.
 G = Mean time per level.
                   A        B        C        D        E       F      G
               +--------+--------+--------+--------+--------+-----+--------+
         Total | 146079 | 133135 |  12944 |  68528 |  27857 |  75 | 1947.7 |
       Dungeon |  29436 |  25014 |   4422 |   9392 |   8055 |  15 | 1962.4 |
        Temple |     31 |      2 |     29 |      0 |      0 |   1 |   31.0 |
          Lair |  10302 |   8615 |   1687 |   4041 |   2944 |   5 | 2060.4 |
         Swamp |  10172 |   9426 |    746 |   5505 |   1234 |   4 | 2543.0 |
   Spider Nest |   8671 |   8039 |    632 |   3464 |   2117 |   4 | 2167.8 |
    Slime Pits |   6329 |   5897 |    432 |   2691 |   1155 |   5 | 1265.8 |
  Orcish Mines |   5032 |   4413 |    619 |   2223 |   1066 |   2 | 2516.0 |
   Elven Halls |   9710 |   9281 |    429 |   4891 |    979 |   3 | 3236.7 |
        Vaults |  14111 |  13144 |    967 |   6126 |   4045 |   5 | 2822.2 |
         Crypt |  12785 |  11965 |    820 |   7692 |   1656 |   3 | 4261.7 |
          Tomb |   8205 |   7827 |    378 |   5142 |    430 |   3 | 2735.0 |
        Depths |  13731 |  12630 |   1101 |   7926 |   1998 |   4 | 3432.8 |
          Hell |   1407 |   1365 |     42 |    831 |     92 |   1 | 1407.0 |
           Dis |     55 |     55 |      0 |      0 |      0 |   1 |   55.0 |
       Gehenna |    244 |    244 |      0 |    127 |      0 |   2 |  122.0 |
       Cocytus |    284 |    284 |      0 |     60 |      0 |   2 |  142.0 |
      Tartarus |     27 |     27 |      0 |      5 |      0 |   1 |   27.0 |
           Zot |  14323 |  13687 |    636 |   7889 |   1996 |   5 | 2864.6 |
      Ziggurat |    915 |    915 |      0 |    522 |      0 |   8 |  114.4 |
       Ossuary |    301 |    301 |      0 |      0 |     90 |   1 |  301.0 |
               +--------+--------+--------+--------+--------+-----+--------+

Top non-repeatable levels by time:
 Crypt:1: 7049 daAuts
  Tomb:1: 6566 daAuts
Depths:2: 4860 daAuts
Depths:3: 4472 daAuts
 Swamp:4: 4301 daAuts
Vaults:3: 4208 daAuts
   Zot:5: 4075 daAuts
 Crypt:3: 3956 daAuts
    D:15: 3844 daAuts
   Elf:3: 3655 daAuts
Vaults:4: 3583 daAuts
   Elf:2: 3326 daAuts
   Zot:4: 3317 daAuts
   Zot:2: 3260 daAuts
    D:14: 3119 daAuts
